 Dungeon Crawl Stone Soup version 0.23-a0-712-g3a644c0 (webtiles) character file.

186 KristoblXynda the Slasher (level 5, -4/61 HPs)
             Began as a Draconian Gladiator on Jan 15, 2019.
             Killed by divine providence
             ... invoked by an orc priest
              (12 damage)
             ... on level 3 of the Dungeon.
             The game lasted 00:04:58 (2254 turns).

KristoblXynda the Slasher (Draconian Gladiator)     Turns: 2254, Time: 00:04:59

Health: -4/61      AC: 22    Str: 16    XL:     5   Next: 38%
Magic:  5/5        EV:  2    Int:  9    God:
Gold:   80         SH:  0    Dex: 13    Spells: 4/4 levels left

rFire    . . .     SeeInvis +   a - +0 long sword
rCold    . . .     Gourm    .   (no shield)
rNeg     + + +     Faith    .   (armour unavailable)
rPois    +         Spirit   .   (helmet currently unavailable)
rElec    .         Reflect  .   (cloak currently unavailable)
rCorr    .         Harm     .   (gloves currently unavailable)
MR       .....     NoTele   +   (boots currently unavailable)
Stlth    +.........             (no amulet)
HPRegen  0.20/turn              n - ring of see invisible
MPRegen  0.09/turn              (no ring)

@: tree-form
A: unfitting armour, AC +5
a: no special abilities


You were on level 3 of the Dungeon.
You were hungry.
You were a tree.
You visited 1 branch of the dungeon, and saw 3 of its levels.

You collected 80 gold pieces.

Inventory:

Hand Weapons
 a - a +0 long sword (weapon)
Missiles
 c - 3 throwing nets (quivered)
Armour
 b - a +0 hat (melded)
Magical Staves
 i - an uncursed staff of energy
Jewellery
 j - an uncursed amulet of rage {unknown}
 n - a ring of see invisible (left branch)
Potions
 g - a potion of haste {unknown}
Comestibles
 d - 6 rations


   Skills:
 - Level 2.1 Fighting
 * Level 5.2 Long Blades
 - Level 2.0 Throwing
 + Level 3.8 Dodging


You had 4 spell levels left.
You didn't know any spells.
Your spell library was empty.

Dungeon Overview and Level Annotations

Branches:
Dungeon (3/15)

Altars:
Hepliaklqana


Innate Abilities, Weirdness & Mutations

((Your plain brown scales are hard. (AC +5)))
You cannot fit into any form of body armour.
((You are cold-blooded and may be slowed by cold attacks.))


Message History

* * * LOW HITPOINT WARNING * * *
The orc misses you.
Unknown command.
The orc priest mumbles some strange prayers to Beogh against you.
Pain shoots through your body!
* * * LOW HITPOINT WARNING * * *
It was a potion of lignification.
You turn into a tree.
Your +0 hat melds into your body.
Your roots penetrate the ground.
The orc priest looks satisfied for a moment.
The orc hits you but does no damage.
Okay, then.
You hit the orc.
The orc is lightly wounded.
The orc completely misses you.
You riposte.
You hit the orc.
The orc is moderately wounded.
You closely miss the orc.
The orc is moderately wounded.
The orc priest invokes the aid of Beogh against you.
Beogh smites you!
You die...

##########.#.##
..............#
##########.#..#
# #.#..# #
#.#..#######.
#.#..........
#....########
.#.....######
..........♣olo#
...#.....###w.#
..###...## #..#
.# ##... .....
#.## ##..#.# #.
#...... #.
##.#.... .##
#.. .# ..


You could see a worm, an orc priest, an orc and a frilled lizard.

Vanquished Creatures
  An orc priest (D:3)
  An orc wizard (D:3)
  Terence (D:2)
  5 adders
  3 worms
  4 orcs (D:3)
  A ball python (D:1)
  5 goblins
  5 hobgoblins
  5 jackals
  10 bats
  5 frilled lizards
  3 kobolds
  3 rats
52 creatures vanquished.

Notes
Turn   | Place    | Note
-------+----------+-------------------------------------------
     0 | D:1      | KristoblXynda the Draconian Gladiator began the quest for
                  | the Orb.
     0 | D:1      | Reached XP level 1. HP: 17/17 MP: 1/1
   236 | D:1      | Reached XP level 2. HP: 21/24 MP: 2/2
   855 | D:2      | Reached XP level 3. HP: 24/29 MP: 3/3
   937 | D:2      | Found a hazy altar of Hepliaklqana.
   946 | D:2      | Reached skill level 4 in Long Blades
  1573 | D:2      | Noticed Terence
  1602 | D:2      | Killed Terence
  1602 | D:2      | Reached XP level 4. HP: 21/36 MP: 4/4
  1908 | D:3      | Reached XP level 5. HP: 25/41 MP: 5/5
  1914 | D:3      | Reached skill level 5 in Long Blades
  2254 | D:3      | Killed from afar by an orc priest

Vault maps used:
D:1:      nicolae_arrival_somewhat_less_tricky_arrival,
          wad_floor_pattern_untrapped
D:2:      lemuel_crystal_altar, uniq_terence
D:3:      nicolae_overflow_crystal_walls, first_ration

Skill      XL: |  1  2  3  4  5 |
---------------+----------------+-----
Throwing       | 2 |  2.0
Dodging        | 3 |  3.8
Long Blades    | 4 5 |  5.2
Fighting       | |  2.1

Action                   |  1- 3 |  4- 6 || total
-------------------------+-------+-------++-------
Melee: Long sword        |    96 |    76 ||   172
       Tailslap          |    15 |    17 ||    32
  Use: Scroll            |     3 |       ||     3
       Potion            |       |     3 ||     3
  Eat: Chunk             |     2 |     2 ||     4
Armor: Skin              |    31 |    21 ||    52
Dodge: Dodged            |    74 |    56 ||   130
       Rpst.: Long sword |    25 |    19 ||    44

Table legend:
 A = Non-vault XP
 B = Vault XP
 C = Vault XP percentage of total XP
 D = Non-vault monster count
 E = Vault monster count
 F = Vault count percentage of total count
                 A         B        C        D         E       F
            +---------+---------+-------+---------+---------+-------
      Total |     231 |      36 |  13.5 |      51 |       1 |   1.9
            +---------+---------+-------+---------+---------+-------
        D:1 |      31 |       0 |   0.0 |      19 |       0 |   0.0
        D:2 |      71 |      36 |  33.6 |      15 |       1 |   6.2
        D:3 |     129 |       0 |   0.0 |      17 |       0 |   0.0
            +---------+---------+-------+---------+---------+-------
